 Dungeon Crawl Stone Soup version 0.23-a0-130-g0e7800e (webtiles) character file.

10558 TheOrbIsALie the Zephyrmancer (level 11, 0/68 HPs)
             Began as a Demonspawn Air Elementalist on Aug 27, 2018.
             Was a High Priest of Sif Muna.
             Killed from afar by Nergalle (21 damage)
             ... with a bolt of negative energy
             ... on level 1 of the Lair of Beasts.
             The game lasted 00:29:28 (12139 turns).

TheOrbIsALie the Zephyrmancer (DsAE)               Turns: 12139, Time: 00:29:28

Health: 0/68       AC: 10    Str:  9    XL:     11   Next: 37%
Magic:  15/20      EV: 11    Int: 19    God:    Sif Muna [*****.]
Gold:   794        SH:  0    Dex: 14    Spells: 9/22 levels left

rFire    . . .     SeeInvis +   n - +1 dagger (protect)
rCold    . . .     Gourm    .   (no shield)
rNeg     . . .     Faith    .   M - +0 steam dragon scales
rPois    .         Spirit   .   (helmet unavailable)
rElec    +         Reflect  .   u - +0 cloak
rCorr    .         Harm     .   w - +2 pair of gloves of Amelioration {rElec}
MR       .....                  (no boots)
Stlth    ++........             (no amulet)
HPRegen  0.21/turn              m - ring of wizardry
MPRegen  0.17/turn              K - -3 ring of protection (curse)

@: heavily drained
A: antennae 3, thin metallic scales 3, spiny 1, rot immunity
a: Divine Energy, Channel Magic, Forget Spell, Renounce Religion


You were on level 1 of the Lair of Beasts.
You worshipped Sif Muna.
Sif Muna was extremely pleased with you.
You were hungry.

You visited 3 branches of the dungeon, and saw 13 of its levels.

You collected 794 gold pieces.

Inventory:

Hand Weapons
 b - a +1 dagger of draining
 n - a +1 dagger of protection (weapon)
 t - a +4 quarterstaff of chaos
 P - the +0 falchion of Putrescence {freeze, *Corrode Str+6 Dex+4 Stlth+}
   (You found it on level 9 of the Dungeon)

   It has been specially enchanted to freeze those struck by it, causing extra
   injury to most foes and up to half again as much damage against particularly
   susceptible opponents.
   It can also slow down cold-blooded creatures.
   It affects your strength (+6).
   It affects your dexterity (+4).
   It may corrode you when you take damage.
   It makes you more stealthy.
Missiles
 j - 6 curare-tipped needles
Armour
 a - a +1 robe
 u - a +0 cloak (worn)
 w - the +2 pair of gloves of Amelioration (worn) {rElec}
   (You found it on level 4 of the Dungeon)

   It insulates you from electricity.
 x - a +0 robe of magic resistance
 L - a scarf of spirit shield
 M - +0 steam dragon scales (worn)
Jewellery
 d - a +2 ring of intelligence
 m - a ring of wizardry (left hand)
 G - an uncursed ring of positive energy
 I - an uncursed ring of stealth
 K - a cursed -3 ring of protection (right hand)
 S - an uncursed ring of magical power {unknown}
Wands
 g - a wand of polymorph (4)
 l - a wand of paralysis (30)
 r - a wand of enslavement (6)
 B - a wand of disintegration (18)
 C - a wand of random effects (30)
 J - a wand of digging (7)
 O - a wand of acid (9)
Scrolls
 e - a scroll of blinking
 f - 4 scrolls of enchant armour
 o - 3 scrolls of teleportation
 p - 2 scrolls of fog
 q - 5 scrolls of identify
 y - 3 scrolls of fear
 N - 2 scrolls of remove curse
Potions
 h - 2 potions of cancellation
 i - 2 potions of mutation {unknown}
 k - 2 potions of curing
 s - 4 potions of resistance {unknown}
 v - 2 potions of brilliance {unknown}
 z - 5 potions of haste {unknown}
 A - a potion of lignification {unknown}
 D - a potion of agility {unknown}
 E - 3 potions of heal wounds {unknown}
 F - 3 potions of degeneration {unknown}
Miscellaneous
 H - a fan of gales
Comestibles
 c - 10 rations
 Q - 5 chunks of flesh


   Skills:
 - Level 1.7(0.5) Dodging
 - Level 1.7(0.5) Stealth
 + Level 6.3(4.9) Spellcasting
 - Level 5.0(3.6) Conjurations
 - Level 14.3(12.6) Air Magic


You had 9 spell levels left.
You knew the following spells:

 Your Spells              Type           Power        Failure   Level  Hunger
a - Shock                 Conj/Air       ####         1%          1    None
b - Static Discharge      Conj/Air       #####...     1%          3    ##.....
c - Airstrike             Air            ######....   1%          4    ####...
d - Lightning Bolt        Conj/Air       #####.....   4%          5    ######.

Your spell library contained the following spells:

 Spells                   Type           Power        Failure   Level  Hunger
 Magic Dart               Conj           ###.         1%          1    None
 Poisonous Vapours        Pois/Air       ####..       1%          2    #......
 Searing Ray              Conj           ###...       1%          2    #......
 Swiftness                Chrm/Air       ####....     1%          2    #......
 Mephitic Cloud           Conj/Pois/Air  ####....     1%          3    ##.....
 Sting                    Conj/Pois      ##..         2%          1    None
 Apportation              Tloc           #.....       5%          1    None
 Summon Butterflies       Summ           #.......     5%          1    None
 Blink                    Tloc           N/A          8%          2    #......
 Dazzling Spray           Conj/Hex       ##....       8%          3    ##.....
 Iskenderun's Mystic Bla  Conj           ###.....     12%         4    ####...
 Confuse                  Hex            #.......     16%         3    ##.....
 Lesser Beckoning         Tloc           #.........   16%         3    ##.....
 Portal Projectile        Hex/Tloc       #.....       16%         3    ##.....
 Tukima's Dance           Hex            #.......     16%         3    ##.....
 Force Lance              Conj/Tloc      ##......     24%         4    ####...
 Fulminant Prism          Conj/Hex       ##........   24%         4    ####...
 Olgreb's Toxic Radiance  Pois           #.......     43%         4    ####...
 Venom Bolt               Conj/Pois      ##........   52%         5    ######.
 Alistair's Intoxication  Tmut/Pois      #.......     77%         5    ######.
 Invisibility             Hex            #.......     99%         6    #######


Dungeon Overview and Level Annotations

Branches:
Dungeon (11/15)            Temple (1/1) D:5            Lair (1/6) D:10
    Orc (0/2) D:10

Altars:
Ashenzari
Cheibriados
Dithmenos
Elyvilon
Fedhas
Gozag
Hepliaklqana
Kikubaaqudgha
Okawaru
Qazlal
Ru
Sif Muna
Trog
Uskayaw
Vehumet
Wu Jian
Xom
Yredelemnul
Zin
The Shining One

Annotations:
D:7 3 runed doors, jusw85's ghost, novice MfAK
Lair:1 Nergalle


Innate Abilities, Weirdness & Mutations

You have a pair of large antennae on your head. (SInv)
You are completely covered in thin metallic scales. (AC +4, rElec)
You are partially covered in sharp spines.
You are immune to rotting.


Message History

Your weapon exudes an aura of protection.
Nergalle hits you but does no damage.
Nergalle points at you and mumbles some strange words.
The bolt of negative energy hits you!
You feel drained.
Ouch! That really hurt!
Nergalle is struck by your spines. Nergalle completely misses you.
You see here 13 gold pieces.
Casting: Airstrike (safe; 1% risk of failure)
Confirm with . or Enter, or press ? or * to list all spells.
Aiming: Lightning Bolt (safe; 3% risk of failure)
Press: ? - help, Shift-Dir - straight line You hear a mighty clap of thunder!
The bolt of lightning hits Nergalle.
Nergalle is moderately wounded.
The bolt of lightning hits Nergalle.
Nergalle is heavily wounded.
You are feeling hungry.
Nergalle points at you and mumbles some strange words.
The bolt of negative energy hits you!
You feel drained.
You die...

## #####
######.############.#.####
#........@................
#...##.#o.#########.......
P ###...# #...#### #..P#
#...# #..## #...# #..#
#...# #..# #...## #..#
##....# #..P #....##


You could see Nergalle.

Vanquished Creatures
  3 two-headed ogres
  A flayed ghost (D:8)
  An oklob plant (D:10)
  A spiny frog (Lair:1)
  2 centaur skeletons (D:10)
  A gargoyle (D:10)
  A komodo dragon (Lair:1)
  A fire bat (D:8)
  5 wraiths (D:8)
  5 yaks
  A wyvern (D:8)
  A steam dragon (D:9)
  A porcupine (Lair:1)
  A water moccasin (D:7)
  5 sky beasts
  A phantom (D:6)
  An ice beast (D:9)
  2 necrophages (D:10)
  5 ogres
  6 centaurs
  A crocodile (D:10)
  2 big kobolds
  Blork the orc (D:4)
  4 bullfrogs
  A wyvern zombie (D:8)
  2 scorpions (D:5)
  3 killer bees (D:8)
  5 wights (D:6)
  3 howler monkeys
  2 crimson imps
  2 lava snakes (D:10)
  A quasit (D:10)
  4 hounds
  A jelly (D:10)
  6 orc priests
  Crazy Yiuf (D:3)
  14 orc wizards
  3 iguanas (D:10)
  Ijyb (D:3)
  6 worker ants
  A hound skeleton (D:9)
  2 worker ant zombies
  10 adders
  A shadow imp (D:10)
  2 oozes
  2 dart slugs
  2 worms
  10 leopard geckos
  30 orcs
  17 bats
  5 giant cockroaches
  10 goblins
  11 hobgoblins
  19 jackals
  2 quokkas (D:2)
  5 ball pythons
  6 frilled lizards
  20 kobolds
  2 leopard gecko skeletons (D:6)
  2 quokka skeletons (D:9)
  13 rats
  A plant (D:10)
281 creatures vanquished.

Notes
Turn   | Place    | Note
-------+----------+-------------------------------------------
     0 | D:1      | TheOrbIsALie the Demonspawn Air Elementalist began the
                  | quest for the Orb.
     0 | D:1      | Reached XP level 1. HP: 13/13 MP: 3/3
   161 | D:1      | Gained mutation: You are partially covered in thin metallic
                  | scales. (AC +2) [demonic ancestry]
   161 | D:1      | Reached XP level 2. HP: 13/19 MP: 0/5
   699 | D:1      | Gained mutation: You have a pair of small antennae on your
                  | head. [demonic ancestry]
   699 | D:1      | Reached XP level 3. HP: 24/24 MP: 1/6
  1248 | D:2      | Reached XP level 4. HP: 30/30 MP: 0/7
  1775 | D:2      | Found a faded altar of an unknown god.
  2334 | D:3      | Found a runed door.
  2468 | D:3      | Noticed Ijyb
  2495 | D:3      | Killed Ijyb
  2576 | D:3      | Found a glowing silver altar of Zin.
  2576 | D:3      | Found an opulent altar of Gozag.
  2579 | D:3      | Reached XP level 5. HP: 35/35 MP: 8/8
  2650 | D:3      | Reached skill level 5 in Conjurations
  2656 | D:3      | Reached skill level 3 in Air Magic
  2984 | D:3      | Found a glowing golden altar of the Shining One.
  3422 | D:3      | Learned a level 3 spell: Static Discharge
  3422 | D:3      | Noticed Crazy Yiuf
  3425 | D:3      | Killed Crazy Yiuf
  3480 | D:4      | Reached skill level 4 in Air Magic
  3503 | D:4      | Got a pair of fine gloves
  3509 | D:4      | Identified the +2 pair of gloves of Amelioration {rElec}
                  | (You found it on level 4 of the Dungeon)
  3558 | D:4      | Found a bloodstained altar of Trog.
  3559 | D:4      | Noticed Blork the orc
  3603 | D:4      | Killed Blork the orc
  3603 | D:4      | Gained mutation: You are partially covered in sharp spines.
                  | [demonic ancestry]
  3603 | D:4      | Reached XP level 6. HP: 30/41 MP: 4/9
  3666 | D:4      | Found an ornate altar of the Wu Jian Council.
  3729 | D:4      | Found an ancient bone altar of Kikubaaqudgha.
  3729 | D:4      | Found a sacrificial altar of Ru.
  3826 | D:4      | Reached skill level 5 in Air Magic
  4021 | D:4      | Found a hide-covered altar of Uskayaw.
  4493 | D:5      | Entered Level 5 of the Dungeon
  4647 | D:5      | Gained mutation: You are mostly covered in thin metallic
                  | scales. (AC +3) [demonic ancestry]
  4647 | D:5      | Reached XP level 7. HP: 38/46 MP: 6/10
  4648 | D:5      | Reached skill level 6 in Air Magic
  5080 | D:5      | Found a staircase to the Ecumenical Temple.
  5117 | Temple   | Entered the Ecumenical Temple
  5193 | Temple   | Became a worshipper of Sif Muna the Loreminder
  5233 | D:5      | Found a deep blue altar of Sif Muna.
  5259 | D:5      | Found a snail-covered altar of Cheibriados.
  5263 | D:5      | Found an iron altar of Okawaru.
  5373 | D:5      | Reached skill level 7 in Air Magic
  5565 | D:5      | Gained mutation: You are completely covered in thin
                  | metallic scales. (AC +4, rElec) [demonic ancestry]
  5565 | D:5      | Reached XP level 8. HP: 52/52 MP: 0/12
  5918 | D:6      | Reached * piety under Sif Muna
  6013 | D:6      | Reached skill level 5 in Spellcasting
  6377 | D:6      | Found a shimmering altar of Xom.
  6577 | D:6      | Learned a level 4 spell: Airstrike
  6808 | D:6      | Reached ** piety under Sif Muna
  6808 | D:6      | Reached skill level 8 in Air Magic
  6811 | D:6      | Gained mutation: You have a pair of antennae on your head.
                  | [demonic ancestry]
  6811 | D:6      | Reached XP level 9. HP: 35/57 MP: 1/18
  7469 | D:7      | Found a runed gate.
  7469 | D:7      | Found a runed gate.
  7470 | D:7      | Found a runed gate.
  7472 | D:7      | Noticed jusw85's ghost (novice MfAK)
  7777 | D:8      | Found a shimmering altar of Xom.
  7784 | D:8      | Reached skill level 9 in Air Magic
  7880 | D:8      | Found a hide-covered altar of Uskayaw.
  7892 | D:8      | Found a runed door.
  7978 | D:8      | Found an iron altar of Okawaru.
  7981 | D:8      | Found a sacrificial altar of Ru.
  7994 | D:8      | Reached *** piety under Sif Muna
  8097 | D:8      | Reached skill level 10 in Air Magic
  8183 | D:8      | Found a stormy altar of Qazlal.
  8278 | D:8      | Found a glowing golden altar of the Shining One.
  8528 | D:8      | Noticed a flayed ghost
  8532 | D:8      | Killed a flayed ghost
  8532 | D:8      | Reached skill level 11 in Air Magic
  8532 | D:8      | Gained mutation: You are immune to rotting. [demonic
                  | ancestry]
  8532 | D:8      | Reached XP level 10. HP: 63/63 MP: 2/19
  8630 | D:8      | Noticed a two-headed ogre
  8645 | D:8      | Killed a two-headed ogre
  8751 | D:8      | Found a basalt altar of Yredelemnul.
  9006 | D:8      | Reached **** piety under Sif Muna
  9022 | D:8      | Reached skill level 12 in Air Magic
  9177 | D:8      | Found a white marble altar of Elyvilon.
  9387 | D:9      | Found a shattered altar of Ashenzari.
 10172 | D:9      | Got an ebony falchion
 10173 | D:9      | Identified the +0 falchion of Putrescence {freeze, *Corrode
                  | Str+6 Dex+4 Stlth+} (You found it on level 9 of the
                  | Dungeon)
 10294 | D:10     | Entered Level 10 of the Dungeon
 10307 | D:10     | Reached ***** piety under Sif Muna
 10307 | D:10     | Reached skill level 13 in Air Magic
 10317 | D:10     | Identified Maqig's Grimoire of Enchanting Orientation (Sif
                  | Muna gifted it to you on level 10 of the Dungeon)
 10317 | D:10     | Received a gift from Sif Muna
 10675 | D:10     | Noticed a gargoyle
 10678 | D:10     | Killed a gargoyle
 10697 | D:10     | Noticed a two-headed ogre
 10910 | D:10     | Gained mutation: You have a pair of large antennae on your
                  | head. (SInv) [demonic ancestry]
 10910 | D:10     | Reached XP level 11. HP: 38/68 MP: 10/20
 11046 | D:10     | Killed a two-headed ogre
 11147 | D:10     | Found a staircase to the Lair.
 11147 | D:10     | Noticed an oklob plant
 11190 | D:10     | Learned a level 5 spell: Lightning Bolt
 11209 | D:10     | Killed an oklob plant
 11216 | D:10     | Reached skill level 14 in Air Magic
 11399 | D:10     | Found a staircase to the Orcish Mines.
 11596 | D:11     | Noticed a two-headed ogre
 11602 | D:11     | Killed a two-headed ogre
 11603 | D:11     | Noticed a white ugly thing
 11812 | Lair:1   | Entered Level 1 of the Lair of Beasts
 12132 | Lair:1   | Noticed Nergalle
 12139 | Lair:1   | Killed from afar by Nergalle

Vault maps used:
D:1:      dpeg_arrival_rooms_c
D:2:      minmay_diamond_boxcup, chequers_ecumenical_altar_twisty, first_ration
D:3:      grunt_temple_overflow_gold_and_silver, tso_oasis_becter,
          roderic_lattice_a, uniq_ijyb, uniq_crazy_yiuf_cottage
D:4:      kennysheep_little_box, lemuel_crystal_altar,
          gammafunk_temple_overflow_wave, trog_three_pillars_becter,
          uniq_blork_the_orc
D:5:      grunt_temple_overflow_open, temple_doors_e, basic_altar,
          serial_bayou_pond_c, minmay_a_box_with_orc_wizards_in_it
D:6:      xom_teletrap_fun, minmay_small_thing
D:7:      gammafunk_ghost_split
D:8:      due_megacathedral, kennysheep_ying_yang
D:9:      overflow_temple_1_default
D:10:     dpeg_oklobed_lair
D:11:     nicolae_trove_entry_free_sample
Temple:   nicolae_temple_figure_zero
Lair:1:   uniq_nergalle

Skill      XL: |  1  2  3  4  5  6  7  8  9 10 11 |
---------------+----------------------------------+-----
Conjurations   | 2 3 4 5 |  5.0
Air Magic      | 4 5 7 8 11 13 14 | 14.3
Spellcasting   | 3 6 |  6.3
Dodging        | |  1.7
Stealth        | |  1.7

Action                   |  1- 3 |  4- 6 |  7- 9 | 10-12 || total
-------------------------+-------+-------+-------+-------++-------
Melee: Dagger            |    39 |    72 |    37 |    34 ||   182
 Cast: Shock             |    45 |   139 |   128 |   120 ||   432
       Static Discharge  |       |     3 |    14 |    30 ||    47
       Airstrike         |       |       |    32 |    34 ||    66
       Lightning Bolt    |       |       |       |     6 ||     6
Evoke: Wand              |       |     1 |       |     1 ||     2
  Use: Scroll            |       |     5 |     6 |     2 ||    13
 Stab: Sleeping          |     7 |     6 |     2 |     2 ||    17
       Paralysed         |       |     1 |       |       ||     1
  Eat: Chunk             |     2 |     9 |    14 |    12 ||    37
       Ration            |       |     1 |     1 |     2 ||     4
Armor: Robe              |    22 |    30 |    32 |     6 ||    90
       Skin              |       |     5 |       |       ||     5
       Steam dragon scal |       |       |       |    27 ||    27
Dodge: Dodged            |    33 |    71 |    40 |    47 ||   191

Table legend:
 A = Non-vault XP
 B = Vault XP
 C = Vault XP percentage of total XP
 D = Non-vault monster count
 E = Vault monster count
 F = Vault count percentage of total count
                 A         B        C        D         E       F
            +---------+---------+-------+---------+---------+-------
      Total |   12040 |    3043 |  20.2 |     257 |      23 |   8.2
            +---------+---------+-------+---------+---------+-------
        D:1 |      41 |       0 |   0.0 |      25 |       0 |   0.0
        D:2 |      93 |      15 |  13.9 |      30 |       7 |  18.9
        D:3 |     121 |      76 |  38.6 |      36 |       2 |   5.3
        D:4 |     252 |      99 |  28.2 |      13 |       1 |   7.1
        D:5 |     714 |     152 |  17.6 |      23 |       4 |  14.8
        D:6 |    1005 |     323 |  24.3 |      30 |       2 |   6.2
        D:7 |     274 |       0 |   0.0 |       4 |       0 |   0.0
        D:8 |    2333 |    1783 |  43.3 |      31 |       6 |  16.2
        D:9 |    1789 |       0 |   0.0 |      27 |       0 |   0.0
       D:10 |    3532 |     595 |  14.4 |      32 |       1 |   3.0
       D:11 |     938 |       0 |   0.0 |       3 |       0 |   0.0
     Lair:1 |     948 |       0 |   0.0 |       3 |       0 |   0.0
            +---------+---------+-------+---------+---------+-------
